 Dungeon Crawl Stone Soup version 0.28.0-45-g0d030f2227 (webtiles) character file.

Game seed: 1778261569534895668

51 McKennaii the Conjurer (level 3, -6/24 HPs)
             Began as a Demonspawn Conjurer on Apr 8, 2022.
             Mangled by a phantom (7 damage)
             ... on level 2 of the Dungeon.
             The game lasted 00:01:08 (1565 turns).

McKennaii the Conjurer (Demonspawn Conjurer)        Turns: 1565, Time: 00:01:09

Health: -6/24      AC:  4    Str:  7    XL:     3   Next: 57%
Magic:  0/7        EV: 12    Int: 21    God:
Gold:   7          SH:  0    Dex: 11    Spells: 7/8 levels left

rFire   . . .      SeeInvis .   i - +5 club
rCold   . . .      Faith    .   (no shield)
rNeg    . . .      Spirit   .   a - +0 robe
rPois   .          Reflect  .   (no helmet)
rElec   .          Harm     .   (no cloak)
rCorr   .          Rampage  .   (no gloves)
Will    .....                   (no boots)
Stlth   ++........              (no amulet)
HPRegen 0.08/turn               (no ring)
MPRegen 0.10/turn               (no ring)

@: no status effects
A: icy blue scales 1
a: no special abilities


You were on level 2 of the Dungeon.
You visited 1 branch of the dungeon, and saw 2 of its levels.

You collected 7 gold pieces.

Inventory:

Hand Weapons
 i - a +5 club (weapon)
Armour
 a - a +0 robe (worn)
Scrolls
 b - a scroll of noise {unknown}
 d - a scroll of vulnerability {unknown}
 h - a scroll of identify {unknown}
 j - a scroll of magic mapping {unknown}
Potions
 c - a potion of resistance {unknown}
 e - a potion of curing {unknown}
 f - a potion of invisibility {unknown}
 g - a potion of ambrosia {unknown}


   Skills:
 - Level 1.7 Dodging
 - Level 1.7 Stealth
 + Level 3.0 Spellcasting
 + Level 4.7 Conjurations


You had 7 spell levels left.
You knew the following spells:

 Your Spells              Type           Power      Damage    Failure   Level
a - Magic Dart            Conj           92%        1d7       1%          1

Your spell library contained the following spells:

 Spells                   Type           Power      Damage    Failure   Level
 Searing Ray              Conj           46%        2d6       3%          2
 Dazzling Flash           Conj/Hex       26%        N/A       16%         3
 Fulminant Prism          Conj/Hex       6%         3d7       45%         4
 Iskenderun's Mystic Bla  Conj/Tloc      13%        2d5       45%         4


Dungeon Overview and Level Annotations

Branches:
Dungeon (2/15)

Altars:


Innate Abilities, Weirdness & Mutations

You are partially covered in icy blue scales. (AC +2)


Message History

The phantom misses you.
The magic dart hits the phantom but does no damage.
The phantom is severely damaged.
The phantom closely misses you.
The magic dart hits the phantom.
The phantom is severely damaged.
The phantom closely misses you.
The magic dart hits the phantom but does no damage.
The phantom is severely damaged.
The phantom hits you but does no damage.
You completely miss the phantom.
The phantom is severely damaged.
The phantom closely misses you.
You closely miss the phantom.
The phantom is severely damaged.
The phantom hits you.
The phantom hits you but does no damage.
You are too injured to fight recklessly!
You are too injured to fight recklessly!
You are too injured to fight recklessly!
You are too injured to fight recklessly!
You are too injured to fight recklessly!
The phantom hits you.
* * * LOW HITPOINT WARNING * * *
Casting: Magic Dart (safe; 1% risk of failure)
Confirm with . or Enter, or press ? or * to list all spells.
Aiming: Magic Dart (safe; 1% risk of failure)
Press: ? - help, Shift-Dir - straight line, f/p - phantom
Aim: a phantom (severely damaged, 100% to hit)
The magic dart hits the phantom.
The phantom is severely damaged.
The phantom hits you.
* * * LOW HITPOINT WARNING * * *
You hit the phantom.
The phantom is almost destroyed.
The phantom barely misses you.
You miss the phantom.
The phantom is almost destroyed.
The phantom hits you!
You die...

..#####. #.
#####.......
#..#.......# ..
#........# #..
##.....$.# ..#
##......#
#.###.......#
#.##.#.†....W.#
#.##..#......@#
#.......#######
.....##.#
#.#####.###
#.##......#
#.##.##.#......
####.......#######
....######## ###.#


You could see a phantom.

Vanquished Creatures
  Jessica (D:2)
  3 bats
  An endoplasm (D:2)
  2 goblins
  4 hobgoblins
  2 quokkas (D:2)
  2 ball pythons (D:2)
  2 frilled lizards (D:1)
  3 kobolds (D:1)
  4 rats (D:1)
24 creatures vanquished.

Notes
Turn   | Place    | Note
-------+----------+-------------------------------------------
     0 | D:1      | McKennaii the Demonspawn Conjurer began the quest for the
                  | Orb.
     0 | D:1      | Reached XP level 1. HP: 13/13 MP: 3/3
   501 | D:1      | Gained mutation: You are partially covered in icy blue
                  | scales. (AC +2) [demonic ancestry]
   501 | D:1      | Reached XP level 2. HP: 19/19 MP: 3/5
  1198 | D:2      | Noticed Jessica
  1299 | D:2      | Killed Jessica
  1300 | D:2      | Reached XP level 3. HP: 13/24 MP: 0/7
  1544 | D:2      | Noticed a phantom
  1563 | D:2      | HP: 1/24 [phantom (5)]
  1565 | D:2      | Mangled by a phantom

Illustrated notes

Levels and vault maps discovered:
D:1:      psy_arrival_statuary, layout_basic
D:2:      layout_loops_cross, uniq_jessica

Skill      XL: |  1  2  3 |
---------------+----------+-----
Spellcasting   | 3 |  3.0
Dodging        | |  1.7
Stealth        | |  1.7
Conjurations   | |  4.7

Action                   || total
-------------------------++-------
Melee: Unarmed           ||     8
       Club              ||     7
 Cast: Magic Dart        ||    57
Armor: Robe              ||     6
Dodge: Dodged            ||    15
